 Dungeon Crawl Stone Soup version 0.27-a0-1548-gf8a67e7463 (webtiles) character file.

Game seed: 16685880472852872001

87203 Laraso the Spry (level 15, 0/100 HPs)
             Began as a Tengu Monk on July 14, 2021.
             Was the Champion of Okawaru.
             Slain by Jorgrun (10 damage)
             ... on level 15 of the Dungeon.
             The game lasted 00:46:06 (32152 turns).

Laraso the Spry (Tengu Monk)                       Turns: 32152, Time: 00:46:07

Health: 0/100      AC: 19    Str: 11    XL:     15   Next: 89%
Magic:  21/22      EV: 21    Int: 12    God:    Okawaru [******]
Gold:   1602       SH: 14    Dex: 34    Spells: 14/14 levels left

rFire    . . .     SeeInvis .   a - +2 demon blade (freeze)
rCold    . . .     Faith    .   l - +0 buckler
rNeg     . . .     Spirit   .   v - +1 chain mail {Will+}
rPois    .         Reflect  +   (helmet restricted)
rElec    .         Harm     .   R - +1 cloak
rCorr    .         Rampage  .   J - +2 pair of gloves
Will     ++...                  (boots unavailable)
Stlth    ++........             d - amulet of reflection
HPRegen  0.26/turn              c - +6 ring of dexterity
MPRegen  0.18/turn              x - +6 ring of dexterity

@: heroic, grasped by roots, flying quickly and evasively, hasted, constricted,
very quick
A: beak, talons 3, nimble flight
a: Renounce Religion, Heroism, Finesse


You were on level 15 of the Dungeon.
You worshipped Okawaru.
Okawaru was exalted by your worship.
You visited 3 branches of the dungeon, and saw 22 of its levels.
You also visited: Gauntlet.

You collected 1602 gold pieces.

Inventory:

Hand Weapons
 a - a +2 demon blade of freezing (weapon)
 b - a +0 broad axe of flaming
 E - a +2 triple sword of holy wrath
Missiles
 m - 4 curare-tipped darts (quivered)
 C - 2 throwing nets
Armour
 l - a +0 buckler (worn)
 v - a +1 chain mail of willpower (worn)
 J - a +2 pair of gloves (worn)
 O - the +1 hat of the Thistle {Harm Int+4}
   (Okawaru gifted it to you on level 14 of the Dungeon)

   Int:       It affects your intelligence (+4).
   Harm:      It increases damage dealt and taken.
 P - the +8 ring mail of Kenn {*Slow rElec rPois Int+4}
   (Okawaru gifted it to you on level 4 of the Lair of Beasts)

   Int:       It affects your intelligence (+4).
   rElec:     It insulates you from electricity.
   rPois:     It protects you from poison.
   *Slow:     It may slow you when you take damage.
 R - a +1 cloak (worn)
Jewellery
 c - a +6 ring of dexterity (left hand)
 d - an amulet of reflection (around neck)
 f - an amulet of magic regeneration
 o - a ring of poison resistance
 x - a +6 ring of dexterity (right hand)
 A - a ring of ice
 G - a ring of see invisible
 S - the ring "Hewiludgh" {rElec rPois MP+9 Str+6}
   (You found it on level 12 of the Dungeon)

   [ring of strength]

   Str:       It affects your strength (+6).
   rElec:     It insulates you from electricity.
   rPois:     It protects you from poison.
   MP:        It affects your magic capacity (+9).
Wands
 j - a wand of flame (58)
 p - a wand of iceblast (16)
 r - a wand of digging (19)
 t - a wand of polymorph (21)
 w - a wand of mindburst (28)
 z - a wand of paralysis (18)
Scrolls
 h - 3 scrolls of immolation
 k - 8 scrolls of teleportation
 q - 3 scrolls of enchant weapon
 s - 2 scrolls of fear
 u - 4 scrolls of blinking
 y - a scroll of torment
 H - 4 scrolls of amnesia
 K - a scroll of magic mapping
 M - a scroll of brand weapon
 Q - 3 scrolls of identify
 U - a scroll of vulnerability
Potions
 e - 2 potions of brilliance
 g - 10 potions of curing
 i - a potion of mutation
 n - 4 potions of might
 B - a potion of haste
 D - 4 potions of ambrosia
 F - 4 potions of attraction
 I - 2 potions of berserk rage
 L - 2 potions of lignification
 N - a potion of invisibility
 T - a potion of resistance
 V - 2 potions of magic


   Skills:
 - Level 14.0(19.0) Fighting
 - Level 14.0(19.0) Long Blades
 - Level 6.0(11.0) Armour
 * Level 17.7(22.7) Dodging
 - Level 2.0(7.0) Stealth
 - Level 4.0(9.0) Shields
 - Level 9.0 Invocations


You had 14 spell levels left.
You didn't know any spells.
Your spell library contained the following spells:

 Spells                   Type           Power      Damage    Failure   Level
 Animate Skeleton         Necr           0%         N/A       100%        1
 Apportation              Tloc           0%         N/A       100%        1
 Corona                   Hex            0%         N/A       100%        1
 Summon Small Mammal      Summ           0%         N/A       100%        1
 Sublimation of Blood     Necr           0%         N/A       100%        2
 Dazzling Flash           Conj/Hex       0%         N/A       100%        3
 Iskenderun's Mystic Bla  Conj/Tloc      0%         2d3       100%        4
 Petrify                  Tmut/Erth      0%         N/A       100%        4
 Irradiate                Conj/Tmut      0%         3d13      100%        5
 Summon Forest            Summ/Tloc      0%         N/A       100%        5
 Eringya's Noxious Bog    Tmut/Pois      0%         N/A       100%        6
 Starburst                Conj/Fire      0%         8x6d3     100%        6
 Summon Hydra             Summ           0%         N/A       100%        7


Dungeon Overview and Level Annotations

Branches:
Dungeon (15/15)            Temple (1/1) D:7            Lair (6/6) D:10
  Swamp (0/4) Lair:4       Spider (0/4) Lair:3        Slime (0/5) Lair:5
    Orc (0/2) D:11         Vaults (0/5) D:13        Gauntlet (visited)
 Depths: D:15

Altars:
Ashenzari
Cheibriados
Dithmenos
Elyvilon
Fedhas
Gozag
Hepliaklqana
Kikubaaqudgha
Makhleb
Nemelex Xobeh
Okawaru
Qazlal
Ru
Sif Muna
Trog
Uskayaw
Vehumet
Wu Jian
Xom
Yredelemnul
Zin
The Shining One

Shops:
D:4 *

Portals:
Hell: Lair:6

Annotations:
D:4 2 transporters
D:10 1 runed translucent door, Sobieck's ghost, journeyman OgBe
D:15 Jorgrun
Lair:3 exclusion: oklob plant


Innate Abilities, Weirdness & Mutations

You have a beak for a mouth.
You have claws for feet.
Your magical nature lets you fly swiftly and evasively.


Message History

Jorgrun is moderately wounded.
You hit Jorgrun. You freeze Jorgrun. You claw Jorgrun, but do no damage.
Jorgrun is moderately wounded.
Jorgrun barely misses you.
You slice Jorgrun!! You freeze Jorgrun. Your peck misses Jorgrun.
Jorgrun is moderately wounded.
You closely miss Jorgrun. You claw Jorgrun, but do no damage. You peck Jorgrun.
Jorgrun is heavily wounded.
You block Jorgrun's attack.
You barely miss Jorgrun. You claw Jorgrun. You peck Jorgrun.
Jorgrun is heavily wounded.
Jorgrun casts a spell at you. The iron shot misses you.
You slice Jorgrun!! You freeze Jorgrun. Your kick misses Jorgrun.
Jorgrun is severely wounded.
You hit Jorgrun but do no damage. You claw Jorgrun! Your peck misses Jorgrun.
Jorgrun is severely wounded.
Jorgrun points at you and mumbles some strange words.
Roots burst forth from the earth!
The grasping roots grab you! The grasping roots constrict you!
You closely miss Jorgrun. You claw Jorgrun, but do no damage.
Jorgrun is severely wounded.
You miss Jorgrun. You claw Jorgrun!
Jorgrun is severely wounded.
Jorgrun gestures at you while chanting.
The metal wall shatters!
The blast of metal fragments hits you! The grasping roots constrict you!
You hit Jorgrun but do no damage. You claw Jorgrun, but do no damage.
Your peck misses Jorgrun.
Jorgrun is severely wounded.
Jorgrun hits you with a +0 vorpal quarterstaff.
* * * LOW HITPOINT WARNING * * *
The grasping roots constrict you!!
Unknown command.
Okay, then.
You feel yourself speed up.
Jorgrun hits you with a +0 vorpal quarterstaff.
* * * LOW HITPOINT WARNING * * *
x2 You die...

.....# ..gā‰ˆ
..ā‰ˆ.###### .....#
##..##........#
.....?...............#
...c.................#
.....................#
.....................#
..............#
...######g<.### #@..#
#...# #...# #...#
...... .......
.........# .........#
..........#


You could see Jorgrun.

Vanquished Creatures
  Azrael (D:15)
  A dire elephant (Lair:6)
  Josephine (Lair:6)
  Harold (Lair:1)
  A yaktaur captain (D:12)
  A hell beast (Lair:6)
  A catoblepas (Lair:5)
  2 boulder beetles (Lair:6)
  2 death knights
  9 hydras
  5 centaur warriors
  10 death yaks
  3 two-headed ogres
  A tengu warrior (D:13)
  Urug (Lair:4)
  A deep elf knight (D:15)
  Nergalle (D:12)
  A wizard (Lair:6)
  2 phantasmal warriors
  A deep elf archer (D:15)
  An orc knight (D:14)
  A deep elf zephyrmancer (D:15)
  A necromancer (D:13)
  A harpy (shapeshifter) (D:13)
  2 deep elf pyromancers
  An orb spider (Lair:3)
  An ugly thing (D:11)
  2 cyclopes (D:14)
  4 manticores
  8 elephants
  9 black mambas
  12 cane toads
  Maggie (D:7)
  2 unseen horrors
  2 orange demons (Lair:6)
  A hellwing (Lair:6)
  4 rime drakes
  3 kobold demonologists (D:11)
  12 komodo dragons
  3 freezing wraiths (D:14)
  2 tengu conjurers (D:13)
  3 ice devils (Lair:6)
  A queen bee (Lair:1)
  3 polar bears
  4 trolls
  3 slime creatures (D:14)
  A hornet (D:10)
  26 blink frogs
  7 dream sheep (Lair:6)
  A meliai zombie (D:9)
  A spriggan (Lair:4)
  A vampire (D:12)
  A shadow (D:13)
  70 yaks
  6 wraiths
  3 basilisks
  5 wyverns
  3 fire elementals (D:15)
  9 vampire mosquitoes
  Menkaure (D:7)
  5 hell hounds
  Duvessa (D:5)
  14 water moccasins
  2 ice beasts
  14 orc warriors
  13 centaurs
  4 ogres
  16 wolves
  2 necrophages
  A phantom (D:7)
  9 kobold brigands
  14 bullfrogs
  A gnoll sergeant (D:3)
  Dowan (D:5)
  3 scorpions
  27 killer bees
  9 wights
  3 howler monkeys (D:13)
  2 electric eels (D:8)
  7 jellies
  3 hounds
  5 centaur zombies
  A centaur skeleton (D:6)
  3 orc priests
  2 bullfrog skeletons (D:5)
  6 iguanas
  Jessica (D:2)
  Natasha (thrice) (D:4)
  8 orc wizards
  2 killer bee zombies (D:5)
  A howler monkey zombie (D:6)
  8 gnolls
  6 adders
  A shadow imp (D:6)
  3 white imps
  An ufetubus (D:5)
  2 adder skeletons (D:4)
  5 worms
  4 dart slugs
  65 orcs
  2 ball pythons
  4 bats
  8 endoplasms
  3 giant cockroaches
  5 hobgoblins
  4 jackals
  5 goblins
  37 kobolds
614 creatures vanquished.

Vanquished Creatures (others)
  A blink frog (Lair:5)
  A butterfly (D:15)
  66 fungi
  57 plants
125 creatures vanquished.

Grand Total: 739 creatures vanquished

Notes
Turn   | Place    | Note
-------+----------+-------------------------------------------
     0 | D:1      | Laraso the Tengu Monk began the quest for the Orb.
     0 | D:1      | Reached XP level 1. HP: 14/14 MP: 2/2
   370 | D:1      | Reached XP level 2. HP: 17/19 MP: 3/3
   899 | D:2      | Reached XP level 3. HP: 7/23 MP: 4/4
  1487 | D:2      | Found a faded altar of an unknown god.
  1546 | D:2      | Noticed Jessica
  1553 | D:2      | Killed Jessica
  1554 | D:2      | Reached skill level 5 in Long Blades
  1554 | D:2      | Reached XP level 4. HP: 21/28 MP: 5/5
  1773 | D:3      | Found a white marble altar of Elyvilon.
  1830 | D:3      | Found a glowing silver altar of Zin.
  1978 | D:3      | Found a shimmering blue altar of Sif Muna.
  1996 | D:3      | Noticed a gnoll sergeant
  2706 | D:3      | Gained mutation: Your magical nature lets you fly swiftly
                  | and evasively. [Tengu growth]
  2706 | D:3      | Reached XP level 5. HP: 18/32 MP: 6/6
  3616 | D:4      | Reached XP level 6. HP: 37/37 MP: 7/7
  3652 | D:4      | Noticed an orc warrior
  3654 | D:4      | Found a burning altar of Makhleb.
  3654 | D:4      | Found a transporter.
  3676 | D:4      | Found a transporter.
  4146 | D:4      | Found Wyunwoxoal's Gadget Gallery.
  4149 | D:4      | Noticed Natasha
  4167 | D:4      | Killed Natasha
  4276 | D:4      | Identified a scroll of acquirement
  4276 | D:4      | Acquired the ring "Edwont" {Drain rElec MP+9 Slay+2}
  4380 | D:4      | Noticed Natasha
  4383 | D:4      | Killed Natasha
  4396 | D:4      | Noticed Natasha
  4402 | D:4      | Killed Natasha
  4756 | D:5      | Entered Level 5 of the Dungeon
  4787 | D:5      | Reached skill level 4 in Dodging
  4787 | D:5      | Reached XP level 7. HP: 41/41 MP: 8/8
  5059 | D:5      | Reached skill level 5 in Dodging
  5126 | D:5      | Reached skill level 6 in Dodging
  5348 | D:5      | Found a broken altar of Ashenzari.
  5352 | D:5      | Noticed Duvessa
  5354 | D:5      | Noticed Dowan
  5401 | D:6      | Found an opulent altar of Gozag.
  5554 | D:6      | Found a stormy altar of Qazlal.
  5859 | D:5      | Reached skill level 7 in Dodging
  5920 | D:5      | Reached XP level 8. HP: 29/46 MP: 9/9
  6169 | D:5      | Killed Duvessa
  6182 | D:5      | Killed Dowan
  6288 | D:5      | Reached skill level 8 in Dodging
  6650 | D:5      | Reached skill level 9 in Dodging
  7431 | D:6      | Reached XP level 9. HP: 47/51 MP: 10/10
  7997 | D:6      | Reached skill level 5 in Fighting
  8467 | D:7      | Noticed Maggie
  8481 | D:7      | Killed Maggie
  8592 | D:7      | Reached skill level 10 in Long Blades
  8772 | D:7      | Found a staircase to the Ecumenical Temple.
  8804 | Temple   | Entered the Ecumenical Temple
  8983 | Temple   | Became a worshipper of Warmaster Okawaru
  8983 | Temple   | Reached * piety under Okawaru
  8983 | Temple   | Reached ** piety under Okawaru
  9331 | D:7      | Noticed Menkaure
  9337 | D:7      | Killed Menkaure
  9338 | D:7      | Reached skill level 1 in Invocations
  9628 | D:7      | Found a sparkling altar of Nemelex Xobeh.
  9972 | D:8      | Reached XP level 10. HP: 60/60 MP: 12/12
 10223 | D:8      | Found a hide-covered altar of Uskayaw.
 11025 | D:9      | Found a bloodstained altar of Trog.
 11034 | D:9      | Reached *** piety under Okawaru
 11262 | D:9      | Found an ornate altar of the Wu Jian Council.
 12214 | D:10     | Entered Level 10 of the Dungeon
 12254 | D:10     | Found a runed translucent door.
 12255 | D:10     | Noticed Sobieck's ghost (journeyman OgBe)
 12256 | D:10     | Noticed a six-headed hydra
 12299 | D:10     | Reached **** piety under Okawaru
 12414 | D:10     | Reached skill level 5 in Invocations
 12496 | D:10     | Found a staircase to the Lair.
 12879 | D:10     | Reached XP level 11. HP: 61/64 MP: 14/16
 13716 | D:10     | Acquired a +2 demon blade of freezing
 14313 | Lair:1   | Entered Level 1 of the Lair of Beasts
 14449 | Lair:1   | Reached skill level 1 in Shields
 15771 | Lair:1   | Noticed Harold
 15793 | Lair:1   | Killed Harold
 15793 | Lair:1   | Reached ***** piety under Okawaru
 16140 | Lair:2   | Found a gate leading to a gauntlet.
 16203 | Lair:2   | Received a gift from Okawaru
 16268 | Gauntlet | Entered a Gauntlet
 16268 | Gauntlet | Found a transporter.
 16268 | Gauntlet | Found a transporter.
 16269 | Gauntlet | Found a transporter.
 16270 | Gauntlet | Found a transporter.
 16271 | Gauntlet | Found a large runed translucent door.
 16272 | Gauntlet | Found a large runed translucent door.
 16272 | Gauntlet | Found a transporter.
 16273 | Gauntlet | Found a large runed translucent door.
 16273 | Gauntlet | Found a large runed translucent door.
 16273 | Gauntlet | Found a runed translucent door.
 16273 | Gauntlet | Found a transporter.
 16273 | Gauntlet | Found a runed translucent door.
 16274 | Gauntlet | Found a large runed translucent door.
 16275 | Gauntlet | Found a large runed translucent door.
 16276 | Gauntlet | Found a large runed translucent door.
 16276 | Gauntlet | Found a large runed translucent door.
 16277 | Gauntlet | Found a runed translucent gate.
 16277 | Gauntlet | Found a runed translucent gate.
 16277 | Gauntlet | Found a runed translucent gate.
 16279 | Gauntlet | Found a transporter.
 16281 | Gauntlet | Found a transporter.
 16282 | Gauntlet | Found a transporter.
 16284 | Gauntlet | Found a transporter.
 16284 | Gauntlet | Noticed a hell hog
 16288 | Gauntlet | Found a large runed translucent door.
 16288 | Gauntlet | Found a large runed translucent door.
 16289 | Gauntlet | Found a large runed translucent door.
 16291 | Gauntlet | Noticed a hell hog
 16294 | Gauntlet | Found a transporter.
 16294 | Gauntlet | Found a transporter.
 16474 | Lair:2   | Reached XP level 12. HP: 52/70 MP: 19/19
 17053 | Lair:2   | Reached skill level 10 in Dodging
 17217 | Lair:2   | Noticed a five-headed hydra
 17397 | Lair:2   | Killed a one-headed hydra
 17548 | Lair:2   | Reached skill level 11 in Dodging
 17661 | Lair:2   | Reached ****** piety under Okawaru
 18213 | Lair:2   | Reached skill level 12 in Dodging
 18215 | Lair:2   | Received a gift from Okawaru
 18545 | Lair:3   | Reached skill level 13 in Dodging
 18793 | Lair:3   | Reached XP level 13. HP: 67/74 MP: 20/20
 19976 | Lair:3   | Reached skill level 14 in Dodging
 20068 | Lair:3   | Found a hole to the Spider Nest.
 20312 | Lair:3   | Received a gift from Okawaru
 20845 | Lair:4   | Identified the +12 chain mail of Laqiacs {Int+3 Stlth+}
 20848 | Lair:4   | Noticed Urug
 20889 | Lair:4   | Killed Urug
 20901 | Lair:4   | Reached skill level 15 in Dodging
 21148 | Lair:4   | Reached skill level 1 in Armour
 21495 | Lair:4   | Found a staircase to the Swamp.
 21773 | Lair:4   | Identified the +8 ring mail of Kenn {*Slow rElec rPois
                  | Int+4} (Okawaru gifted it to you on level 4 of the Lair of
                  | Beasts)
 21773 | Lair:4   | Received a gift from Okawaru
 22418 | Lair:5   | Reached skill level 5 in Armour
 22635 | Lair:5   | Found a staircase to the Slime Pits.
 23366 | Lair:5   | Reached XP level 14. HP: 63/84 MP: 21/21
 23662 | Lair:6   | Entered Level 6 of the Lair of Beasts
 23868 | Lair:6   | Reached skill level 10 in Fighting
 23955 | Lair:6   | Received a gift from Okawaru
 24204 | Lair:6   | Noticed Josephine
 24235 | Lair:6   | Noticed a dire elephant
 24237 | Lair:6   | Killed Josephine
 24267 | Lair:6   | Killed a dire elephant
 25200 | Lair:6   | Received a gift from Okawaru
 25960 | Lair:6   | Found a burning altar of Makhleb.
 26316 | Lair:6   | Found a gateway to Hell.
 26749 | D:11     | Reached XP level 15. HP: 99/99 MP: 22/22
 27022 | D:11     | Found a staircase to the Orcish Mines.
 27969 | D:12     | Received a gift from Okawaru
 28171 | D:12     | Identified the ring "Hewiludgh" {rElec rPois MP+9 Str+6}
 28298 | D:12     | Noticed Nergalle
 28314 | D:12     | Killed Nergalle
 28432 | D:12     | Reached skill level 16 in Dodging
 30044 | D:13     | Found a gate to the Vaults.
 30217 | D:14     | Identified the +1 hat of the Thistle {Harm Int+4} (Okawaru
                  | gifted it to you on level 14 of the Dungeon)
 30217 | D:14     | Received a gift from Okawaru
 30328 | D:14     | Reached skill level 17 in Dodging
 30799 | D:15     | Entered Level 15 of the Dungeon
 30813 | D:15     | Noticed Azrael
 30828 | D:15     | Killed Azrael
 31117 | D:15     | Noticed Jorgrun
 32152 | D:15     | Slain by Jorgrun

Illustrated notes

Levels and vault maps discovered:
D:1:      dpeg_arrival_fog, layout_loops_ring
D:2:      layout_basic, chequers_ecumenical_altar_simple_redux, uniq_jessica
D:3:      layout_basic, mainiacjoe_overflow_alcove_2,
          mainiacjoe_overflow_cross_hatched, mainiacjoe_overflow_chevrons
D:4:      kb_forest_paths, layout_basic, gammafunk_temple_overflow_arena,
          corexii_hall_statues_i, corexii_checkpoint_b, nicolae_shop_gadgets,
          uniq_natasha
D:5:      minmay_spotlight, layout_layer_cave, ashenzari_altar_1, uniq_duvessa
D:6:      layout_basic, nicolae_qazlal_scattered_showers, grunt_gozag_statues
D:7:      layout_basic, nemelex_altar_shiori, minmay_temple_entry_junction_2,
          uniq_maggie, uniq_menkaure
D:8:      layout_loops_ring, mainiacjoe_overflow_catwalk, nicolae_water_bricks,
          ebering_dispersal_statue_hall
D:9:      layout_rooms, lemuel_crystal_altar, mainiacjoe_overflow_24_doors,
          special_room [special_room_orc]
D:10:     layout_cave_pods, dpeg_oklobed_lair, ebering_ghost_inner_flame
D:11:     layout_loops_corners, hiddenorc2_lemuel, grunt_decor_mini_mirrors,
          minmay_fractal_squares_gapless_5
D:12:     minmay_mutant_horseshoe, layout_long_grid, hex_medium,
          kennysheep_another_room, uniq_nergalle
D:13:     layout_cross, david_vaults_1
D:14:     layout_loops_ring, solitary_fountain
D:15:     hangedman_depths_entry_try_elsewhere_first, layout_irregular_city,
          nicolae_elyvilon_peaceful_grove, nicolae_wu_jian_wuxing_cycle,
          uniq_louise, uniq_azrael, uniq_jorgrun, uniq_nessos
Temple:   jpeg_temple_clearing
Lair:1:   layout_concentric_octagons, special_room [special_room_bee],
          minivault_25, grunt_megastairs_2, uniq_harold
Lair:2:   nzn_winding_woodlands_cross [nzn_winding_woodlands_5x15_sawtooth,
          nzn_winding_woodlands_5x15_concentric,
          nzn_winding_woodlands_5x15_crooked,
          nzn_winding_woodlands_5x15_pathside_ponds,
          nzn_winding_woodlands_15x15_eel_pit], layout_layer_cave,
          gauntlet_entry_generic
Lair:3:   layout_long_grid, nicolae_spider_entry_orb_guardian,
          beast_lair_carwin_1, minmay_lair_oklob_chamber
Lair:4:   layout_layer_cave, swamp_mist, grunt_forest_large_clearing_hut,
          serial_bayou_shore_a, uniq_urug
Lair:5:   layout_small_grid, nicolae_slime_entry_slimehenge
Lair:6:   evil_forest, layout_loops_ring, uniq_josephine

Skill      XL: |  1  2  3  4  5  6  7  8  9 10 11 12 13 14 15 |
---------------+----------------------------------------------+-----
Long Blades    | 4 5 6 7 8 9 11 13 14 | 14.0
Dodging        | 4 7 9 13 15 17 | 17.7
Fighting       | 4 6 8 13 14 | 14.0
Invocations    | 1 5 8 9 |  9.0
Shields        | 4 |  4.0
Armour         | 6 |  6.0
Stealth        | |  2.0

Action                   |  1- 3 |  4- 6 |  7- 9 | 10-12 | 13-15 || total
-------------------------+-------+-------+-------+-------+-------++-------
Melee: Falchion          |    57 |   129 |   101 |       |       ||   287
       Kick              |    18 |    54 |   100 |   390 |   852 ||  1414
       Peck              |     9 |    28 |    71 |   219 |   535 ||   862
       Long sword        |       |       |   127 |   244 |       ||   371
       Punch             |       |       |       |     3 |       ||     3
       Demon blade       |       |       |       |   449 |  1193 ||  1642
       Broad axe         |       |       |       |    10 |    49 ||    59
Invok: Heroism           |       |       |       |     4 |    12 ||    16
       Finesse           |       |       |       |       |     2 ||     2
Evoke: Wand              |       |       |       |       |     8 ||     8
  Use: Scroll            |     4 |     4 |     1 |     9 |    10 ||    28
       Potion            |       |     1 |     1 |     2 |     4 ||     8
 Stab: Distracted        |     1 |       |     1 |     2 |     1 ||     5
       Sleeping          |       |     6 |     3 |     6 |     5 ||    20
Armor: Leather armour    |     2 |       |       |       |       ||     2
       Ring mail         |    19 |    22 |    29 |    53 |   139 ||   262
       Chain mail        |       |       |       |       |    15 ||    15
       Swamp dragon scal |       |       |       |       |     4 ||     4
Dodge: Dodged            |    30 |    74 |   138 |   454 |   927 ||  1623
Block: Buckler           |       |       |       |    88 |   404 ||   492
       Reflection        |       |       |       |       |    24 ||    24
       Rpst.: Falchion   |     6 |    19 |    15 |       |       ||    40
       Long sword        |       |       |    16 |    58 |       ||    74
       Demon blade       |       |       |       |    80 |   175 ||   255

Table legend: (Time is in decaauts)
 A = Elapsed time spent in this place.
 B = Non-inter-level travel time spent in this place.
 C = Inter-level travel time spent in this place.
 D = Time resting spent in this place.
 E = Time spent auto-exploring this place.
 F = Levels seen in this place.
 G = Mean time per level.
                   A        B        C        D        E       F      G
               +--------+--------+--------+--------+--------+-----+--------+
         Total |  29950 |  27025 |   2925 |  10058 |  12179 |  23 | 1302.2 |
       Dungeon |  19219 |  16854 |   2365 |   6190 |   7650 |  15 | 1281.3 |
        Temple |    176 |    161 |     15 |     50 |    108 |   1 |  176.0 |
          Lair |  10509 |   9964 |    545 |   3818 |   4420 |   6 | 1751.5 |
      Gauntlet |     44 |     44 |      0 |      0 |      0 |   1 |   44.0 |
               +--------+--------+--------+--------+--------+-----+--------+

Top non-repeatable levels by time:
  Lair:6: 2495 daAuts
     D:5: 2114 daAuts
  Lair:2: 1964 daAuts
    D:10: 1781 daAuts
     D:4: 1773 daAuts
  Lair:1: 1692 daAuts
    D:12: 1604 daAuts
  Lair:4: 1598 daAuts
  Lair:3: 1446 daAuts
     D:7: 1438 daAuts
     D:6: 1412 daAuts
     D:9: 1369 daAuts
    D:14: 1362 daAuts
  Lair:5: 1313 daAuts
     D:8: 1274 daAuts
